 Dungeon Sprint DCSS version 0.26-a0-672-g1df16c3386 (webtiles) character file.

Game seed: 12730858091616622376

1974 mhtbhm the Carver (level 9, -7/90 HPs)
             Began as a Minotaur Fighter on Oct 20, 2020.
             Was an Elder of Okawaru.
             Mangled by a ten-headed hydra (8 damage)
             ... in the Dungeon (Sprint IX: "|||||||||||||||||||||||||||||").
             The game lasted 00:01:25 (596 turns).

mhtbhm the Carver (Minotaur Fighter)                 Turns: 596, Time: 00:01:26

Health: -7/90      AC: 19    Str: 23    XL:     9   Next: 0%
Magic:  8/8        EV:  8    Int:  8    God:    Okawaru [****..]
Gold:   0          SH: 13    Dex: 14    Spells: 8/8 levels left

rFire    . . .     SeeInvis .   a - +2 scimitar (holy)
rCold    + . .     Faith    .   c - +0 kite shield
rNeg     . . .     Spirit   .   b - +4 chain mail {rC+}
rPois    .         Reflect  .   (helmet restricted)
rElec    .         Harm     .   (no cloak)
rCorr    .         Rampage  .   n - +0 pair of gloves
MR       .....     NoTele   +   o - +0 pair of boots
Stlth    ..........             (no amulet)
HPRegen  0.25/turn              p - +3 ring of dexterity
MPRegen  0.11/turn              q - +3 ring of intelligence

@: no status effects
A: retaliatory headbutt, horns 2
a: Heroism, Renounce Religion


You were in the Dungeon.
You worshipped Okawaru.
Okawaru was greatly pleased with you.
You visited 1 branch

Inventory:

Hand Weapons
 a - a +2 scimitar of holy wrath (weapon)
Armour
 b - a +4 chain mail of cold resistance (worn)
 c - a +0 kite shield (worn)
 n - a +0 pair of gloves (worn)
 o - a +0 pair of boots (worn)
Jewellery
 p - a +3 ring of dexterity (left hand)
 q - a +3 ring of intelligence (right hand)
Wands
 m - a wand of acid (4)
Scrolls
 j - 5 scrolls of blinking
 k - 4 scrolls of remove curse
 l - 2 scrolls of amnesia
 u - a scroll of fear
 v - a scroll of identify
 w - a scroll of fog
Potions
 d - 3 potions of might
 e - 6 potions of curing
 f - 3 potions of heal wounds
 g - a potion of haste
 h - 4 potions of magic
 i - a potion of invisibility
 r - a potion of brilliance
 s - a potion of stabbing
 t - a potion of mutation


   Skills:
 + Level 12.0 Fighting
 + Level 12.7 Long Blades
 + Level 12.0 Armour
 + Level 0.3 Dodging
 + Level 12.4 Shields
 + Level 1.0 Evocations


You had 8 spell levels left.
You didn't know any spells.
Your spell library was empty.

Dungeon Overview and Level Annotations

Branches:
Dungeon (1/1)

Altars:
Cheibriados
Dithmenos
Elyvilon
Fedhas
Gozag
Hepliaklqana
Kikubaaqudgha
Makhleb
Nemelex Xobeh
Okawaru
Qazlal
Ru
Sif Muna
Trog
Uskayaw
Vehumet
Wu Jian
Xom
Yredelemnul
Zin
The Shining One
Beogh
Jiyva
Lugonu


Innate Abilities, Weirdness & Mutations

You reflexively headbutt those who attack you in melee.
You have a pair of horns on your head.


Message History

You block the nine-headed hydra's attack. x3
The nine-headed hydra barely misses you.
Unknown command.
You chop one of the nine-headed hydra's heads off!
The eight-headed hydra grows two more!
You hit the ten-headed hydra. You headbutt the ten-headed hydra!
The ten-headed hydra is severely wounded.
A blink frog comes into view.
You block the ten-headed hydra's attack.
The ten-headed hydra bites you but does no damage.
The ten-headed hydra barely misses you. The ten-headed hydra bites you!
* * * LOW HITPOINT WARNING * * *
The ten-headed hydra bites you but does no damage.
The ten-headed hydra bites you.
* * * LOW HITPOINT WARNING * * *
The ten-headed hydra bites you.
* * * LOW HITPOINT WARNING * * *
The ten-headed hydra bites you but does no damage.
The ten-headed hydra bites you!
You die...

▓.▓_▓
▓F▓.▓_▓
▓.▓.▓_▓
▓Y▓.▓_▓
▓h▓.▓_▓
▓S▓.▓_▓
▓D▓.▓_▓
▓D▓.▓_▓
▓@▓.▓_▓
▓.▓.▓_▓
▓=▓.▓_▓
▓.▓.▓_▓
▓.▓.▓'▓
▓.▓.▓.▓
▓[▓.▓.▓
▓[▓.▓.▓
▓.▓.▓.▓


You could see a ten-headed hydra (corroded), a five-headed hydra, an elephant, a
polar bear, a blink frog (wandering) and a water moccasin (corroded).

Vanquished Creatures
  A two-headed ogre (D)
  A black mamba (D)
  A cane toad (D)
  An ice beast (D)
  2 sky beasts (D)
  3 centaurs (D)
  A big kobold (D)
  A wight (D)
  A jelly (D)
  An iguana (D)
  A worker ant (D)
  An adder (D)
  A white imp (D)
  An adder zombie (D)
  A bat zombie (D)
  A giant cockroach (D)
  2 hobgoblins (D)
  A jackal (D)
  A kobold (D)
  A bat (D)
24 creatures vanquished.

Notes
Turn   | Place    | Note
-------+----------+-------------------------------------------
     0 | D        | mhtbhm the Minotaur Fighter began the quest for the Orb.
     0 | D        | Reached XP level 1. HP: 19/19 MP: 0/0
    48 | D        | Noticed an ice beast
    48 | D        | Noticed a sky beast
    48 | D        | Noticed a centaur
    53 | D        | Killed a centaur
    53 | D        | Reached XP level 2. HP: 30/31 MP: 1/1
    53 | D        | Reached XP level 3. HP: 37/38 MP: 2/2
    53 | D        | Reached XP level 4. HP: 44/45 MP: 3/3
    54 | D        | Killed a sky beast
    54 | D        | Reached skill level 5 in Long Blades
    54 | D        | Reached XP level 5. HP: 51/52 MP: 4/4
    57 | D        | Killed an ice beast
    62 | D        | Reached XP level 6. HP: 62/62 MP: 5/5
   160 | D        | Found a roughly hewn altar of Beogh.
   160 | D        | Found a snail-covered altar of Cheibriados.
   160 | D        | Found a shadowy altar of Dithmenos.
   160 | D        | Found a white marble altar of Elyvilon.
   160 | D        | Found a blossoming altar of Fedhas.
   160 | D        | Found an opulent altar of Gozag.
   161 | D        | Found a hazy altar of Hepliaklqana.
   162 | D        | Found a viscous altar of Jiyva.
   163 | D        | Found an ancient bone altar of Kikubaaqudgha.
   164 | D        | Found a corrupted altar of Lugonu.
   165 | D        | Found a burning altar of Makhleb.
   166 | D        | Found a sparkling altar of Nemelex Xobeh.
   167 | D        | Found an iron altar of Okawaru.
   168 | D        | Found a stormy altar of Qazlal.
   169 | D        | Found a sacrificial altar of Ru.
   170 | D        | Found a shimmering blue altar of Sif Muna.
   171 | D        | Found a bloodstained altar of Trog.
   172 | D        | Found a hide-covered altar of Uskayaw.
   173 | D        | Found a radiant altar of Vehumet.
   174 | D        | Found an ornate altar of the Wu Jian Council.
   175 | D        | Found a shimmering altar of Xom.
   177 | D        | Became a worshipper of Warmaster Okawaru
   179 | D        | Found a basalt altar of Yredelemnul.
   180 | D        | Found a glowing silver altar of Zin.
   181 | D        | Found a glowing golden altar of the Shining One.
   234 | D        | Noticed a sky beast
   253 | D        | Killed a sky beast
   254 | D        | Reached * piety under Okawaru
   302 | D        | Noticed a two-headed ogre
   306 | D        | Killed a two-headed ogre
   306 | D        | Reached ** piety under Okawaru
   306 | D        | Reached *** piety under Okawaru
   306 | D        | Reached XP level 7. HP: 40/74 MP: 6/6
   306 | D        | Reached XP level 8. HP: 45/82 MP: 7/7
   588 | D        | Noticed a five-headed hydra
   588 | D        | Noticed a polar bear
   588 | D        | Noticed a black mamba
   588 | D        | Noticed a cane toad
   588 | D        | Noticed an eight-headed hydra
   590 | D        | Killed a black mamba
   590 | D        | Reached **** piety under Okawaru
   592 | D        | Killed a cane toad
   592 | D        | Reached skill level 1 in Evocations
   592 | D        | Reached XP level 9. HP: 38/90 MP: 8/8
   593 | D        | Noticed an elephant
   596 | D        | HP: 1/90 [ten-headed hydra (5)]
   596 | D        | Mangled by a ten-headed hydra

Illustrated notes

Levels and vault maps discovered:
D:        linesprint [early_d, line_temple, items_1, d_10, items_2, lair_1,
          lair_end, items_3, orc_1, orc_end, items_4, d_15, swamp_1, shoals_1,
          snake_1, spider_1, d_20, vaults_1, items_5, swamp_end, shoals_end,
          snake_end, spider_end, vaults_end, d_27, items_6, zot_1, zot_end,
          crypt_end, forest_end, elf_end, slime_end, tomb_end, abyss_end,
          pan_hell_end]

Skill      XL: |  1  2  3  4  5  6  7  8 |
---------------+-------------------------+-----
Fighting       | 6 7 8 11 12 | 12.0
Armour         | 6 7 8 11 12 | 12.0
Shields        | 6 7 8 11 12 | 12.4
Long Blades    | 4 5 6 11 12 | 12.7
Evocations     | 1 |  1.0
Dodging        | |  0.3

Action                   |  1- 3 |  4- 6 |  7- 9 || total
-------------------------+-------+-------+-------++-------
Melee: Long sword        |    10 |    11 |       ||    21
       Headbutt          |       |     6 |     1 ||     7
       Scimitar          |       |    23 |     8 ||    31
Evoke: Wand              |       |     1 |     5 ||     6
  Use: Potion            |     1 |       |       ||     1
Armor: Scale mail        |     1 |     2 |       ||     3
       Chain mail        |       |     8 |    23 ||    31
Dodge: Dodged            |     6 |     5 |    10 ||    21
Block: Kite shield       |     7 |    13 |    23 ||    43
       Rpst.: Long sword |     3 |     1 |       ||     4
       Scimitar          |       |     1 |       ||     1

Table legend: (Time is in decaauts)
 A = Elapsed time spent in this place.
 B = Non-inter-level travel time spent in this place.
 C = Inter-level travel time spent in this place.
 D = Time resting spent in this place.
 E = Time spent auto-exploring this place.
 F = Levels seen in this place.
 G = Mean time per level.
                   A        B        C        D        E       F      G
               +--------+--------+--------+--------+--------+-----+--------+
         Total |    606 |    606 |      0 |    168 |    236 |   1 |  606.0 |
       Dungeon |    606 |    606 |      0 |    168 |    236 |   1 |  606.0 |
               +--------+--------+--------+--------+--------+-----+--------+

Top non-repeatable levels by time:
       D: 606 daAuts
